 Dungeon Crawl Stone Soup version 0.14-a0-155-gd989017 (webtiles) character file.

74 4tharraofdagon the Chopper (level 3, -5/33 HPs)
             Began as a Lava Orc Berserker on Oct 5, 2013.
             Was a Believer of Trog.
             Slain by an ogre
             ... wielding a +0,+0 giant spiked club
              (7 damage)
             ... on Level 4 of the Dungeon.
             The game lasted 00:01:38 (294 turns).

4tharraofdagon the Chopper (Lava Orc Berserker)      Turns: 294, Time: 00:01:39

HP  -5/33        AC  6     Str 20      XL: 3   Next: 14%
MP   2/2         EV  9     Int  7      God: Trog [**....]
Gold 40          SH  0     Dex 10      Spells:  0 memorised,  2 levels left

Res.Fire  : + + +   See Invis. : .   a - +0 orc hand axe
Res.Cold  : x . .   Warding    : .   h - +0 elf scale mail {rF+}
Life Prot.: . . .   Conserve   : .   (no shield)
Res.Poison: .       Res.Corr.  : .   (no helmet)
Res.Elec. : .       Clarity    : .   (no cloak)
Sust.Abil.: . .     Spirit.Shd : .   (no gloves)
Res.Mut.  : .       Stasis     : .   (no boots)
Res.Rott. : .       Flight     : .   (no amulet)
Saprovore : + . .                    (no ring)
                                     (no ring)

@: quick, not resistant to hostile enchantments, extremely unstealthy
A: conserve scrolls, saprovore 1
a: Burn Spellbooks, Berserk, Trog's Hand, Renounce Religion


You were on level 4 of the Dungeon.
You worshipped Trog.
Trog was pleased with you.
You were not hungry.

You visited 1 branch of the dungeon, and saw 4 of its levels.

You collected 20 gold pieces.

Inventory:

Hand weapons
 a - a +0,+0 orcish hand axe (weapon)
Missiles
 j - 8 needles of confusion
Armour
 b - a +0 animal skin
 h - a +0 elven scale mail of fire resistance (worn)
Comestibles
 c - 2 meat rations
 d - a bread ration
 f - a slice of pizza
Scrolls
 g - a scroll of remove curse {unknown}
Potions
 e - a potion of might {unknown}
 i - a potion of slowing {unknown}


   Skills:
 + Level 3.9 Fighting
 * Level 4.5 Axes
 + Level 2.8 Armour
 - Level 1.5 Dodging


You had 2 spell levels left.
You didn't know any spells.

Dungeon Overview and Level Annotations

Branches:
Dungeon (4/27)
 Temple: D:4-7

Altars:


Innate Abilities, Weirdness & Mutations

You have stony skin.
You cover ground quickly.
Your flesh is almost immune to the effects of heat.
Your fire spells are more powerful.
Your flesh is vulnerable to cold.
Your heat harms attackers.
You bathe your surroundings in blazing heat.
You are too hot to use scrolls.
You are very good at protecting items from fire.
You can tolerate rotten meat.


Message History

You barely miss the ogre.
The ogre is moderately wounded.
The ogre is burned by your radiant heat.
The ogre is heavily wounded.
The ogre hits you with a giant spiked club!
The ogre appears unharmed.
You hit the ogre.
The ogre is heavily wounded.
You hit the ogre.
The ogre is severely wounded.
The ogre is burned by your radiant heat.
The ogre is severely wounded.
The ogre hits you with a giant spiked club!
* * * LOW HITPOINT WARNING * * *
The ogre is singed by your heat.
The ogre is almost dead.
You hit the ogre.
The ogre is almost dead.
The ogre hits you with a giant spiked club!
You die...

#..##...###.#
##..#.....##.#
#......<...#.####
#...#...........#
#.......(....##.#
.........######.#
.....##### #.#
#[##....# ##O##
..##..... #..@#
..##..... #.......#
...#.... ......<...#
............#.....##
....... .........#
#.##.## ..###)#.#
..# .# . ###.# )##
.# . #


You could see an ogre.

Vanquished Creatures
  An adder (D:3)
  A giant gecko (D:2)
  5 orcs (D:3)
  4 goblins
  5 hobgoblins
16 creatures vanquished.

Notes
Turn   | Place    | Note
--------------------------------------------------------------
     0 | D:1      | 4tharraofdagon, the Lava Orc Berserker, began the quest for the Orb.
     0 | D:1      | Reached XP level 1. HP: 19/19 MP: 0/0
     9 | D:1      | Noticed a salamander
     9 | D:1      | Noticed a komodo dragon
     9 | D:1      | Noticed a swamp drake
    11 | D:1      | Noticed a wolf
    11 | D:1      | Noticed a spiny worm
    85 | D:2      | Reached skill level 4 in Axes
   124 | D:2      | Reached XP level 2. HP: 20/26 MP: 1/1
   232 | D:3      | Reached XP level 3. HP: 30/33 MP: 2/2
   238 | D:3      | Acquired Trog's second power
   265 | D:4      | Noticed an ogre
   294 | D:4      | Slain by an ogre

Action                   || total
-------------------------++-------
Melee: Hand axe          ||    44
Invok: Berserk           ||     1
